 Dungeon Crawl Stone Soup version 0.23.2 (webtiles) character file.

Game seed: 15520985210788416419

35 Leeroy the Conjurer (level 3, 0/26 HPs)
             Began as a Draconian Conjurer on Apr 13, 2019.
             Shot with a stone by a goblin (1 damage)
             ... on level 2 of the Dungeon.
             The game lasted 00:03:38 (1131 turns).

Leeroy the Conjurer (Draconian Conjurer)            Turns: 1131, Time: 00:03:39

Health: 0/26       AC:  5    Str: 10    XL:     3   Next: 17%
Magic:  3/6        EV: 12    Int: 16    God:
Gold:   66         SH:  0    Dex: 11    Spells: 5/6 levels left

rFire    . . .     SeeInvis .   c - -2 spear (curse)
rCold    . . .     Gourm    .   (no shield)
rNeg     . . .     Faith    .   (armour unavailable)
rPois    .         Spirit   .   (helmet restricted)
rElec    .         Reflect  .   (no cloak)
rCorr    .         Harm     .   (no gloves)
MR       .....                  (no boots)
Stlth    ++........             (no amulet)
HPRegen  0.08/turn              (no ring)
MPRegen  0.10/turn              (no ring)

@: lethally poisoned (0 -> -5)
A: unfitting armour, cold-blooded, AC +5
a: no special abilities


You were on level 2 of the Dungeon.
You were very hungry.

You visited 1 branch of the dungeon, and saw 2 of its levels.

You collected 66 gold pieces.

Inventory:

Hand Weapons
 c - a cursed -2 spear (weapon)
 f - a +0 spear of pain
 g - a +3 spear
 j - a +0 dagger of venom
Missiles
 d - 30 stones
 h - 6 tomahawks (quivered)
Jewellery
 e - an uncursed amulet of harm
Scrolls
 a - a scroll of fog
 i - a scroll of remove curse {unknown}
Comestibles
 b - 4 rations
 k - a chunk of flesh


   Skills:
 - Level 1.8 Dodging
 - Level 1.8 Stealth
 - Level 2.0 Spellcasting
 + Level 5.0 Conjurations


You had 5 spell levels left.
You knew the following spells:

 Your Spells              Type           Power        Failure   Level  Hunger
a - Magic Dart            Conj           ###.         2%          1    #......

Your spell library contained the following spells:

 Spells                   Type           Power        Failure   Level  Hunger
 Searing Ray              Conj           ###...       4%          2    ###....
 Dazzling Spray           Conj/Hex       #.....       22%         3    ###....
 Iskenderun's Mystic Bla  Conj           ###.....     26%         4    #####..
 Force Lance              Conj/Tloc      #.......     58%         4    #####..
 Fulminant Prism          Conj/Hex       #.........   58%         4    #####..


Dungeon Overview and Level Annotations

Branches:
Dungeon (2/15)

Altars:
Sif Muna


Innate Abilities, Weirdness & Mutations

Your plain brown scales are hard. (AC +5)
You cannot fit into any form of body armour.
You are cold-blooded and may be slowed by cold attacks.


Message History

You see here a stone.
There is a lethal amount of poison in your body!
There is a lethal amount of poison in your body!
* * * LOW HITPOINT WARNING * * *
You feel sick.
* * * LOW HITPOINT WARNING * * *
You feel sick.
A goblin comes into view. It is wielding a +0 club.
The goblin shouts!
The goblin unwields a +0 club.
The goblin wields a +0 hunting sling.
The goblin shoots a stone.
The stone hits you but does no damage.
You see here a stone.
* * * LOW HITPOINT WARNING * * *
You feel sick.
* * * LOW HITPOINT WARNING * * *
You feel sick.
There is a stone staircase leading down here.
* * * LOW HITPOINT WARNING * * *
You feel sick.
The goblin shoots a stone.
The stone hits you.
You die...

#..รท..# ..
.#.##.(#.# ...
..........# ....
..#.####..##.....
#.K....(g..g...
######K.#######
#..# #.####..#
#......@#
#########


You could see a goblin and a kobold.

Vanquished Creatures
  An adder (D:2)
  3 dart slugs
  2 bats (D:1)
  A giant cockroach (D:1)
  A goblin (D:2)
  3 hobgoblins (D:1)
  4 jackals (D:1)
  A frilled lizard (D:1)
  A kobold (D:1)
  3 rats
20 creatures vanquished.

Notes
Turn   | Place    | Note
-------+----------+-------------------------------------------
     0 | D:1      | Leeroy the Draconian Conjurer began the quest for the Orb.
     0 | D:1      | Reached XP level 1. HP: 14/14 MP: 3/3
   182 | D:1      | Reached XP level 2. HP: 13/20 MP: 3/5
  1087 | D:2      | Found a deep blue altar of Sif Muna.
  1116 | D:2      | Reached skill level 5 in Conjurations
  1116 | D:2      | Reached XP level 3. HP: 12/26 MP: 2/6
  1131 | D:2      | HP: 1/26 [poisoned by an adder]
  1131 | D:2      | Shot with a stone by a goblin

Skill      XL: |  1  2 |
---------------+-------+-----
Conjurations   | 5 |  5.0
Dodging        | |  1.8
Stealth        | |  1.8
Spellcasting   | |  2.0

Action                   || total
-------------------------++-------
Melee: Spear             ||    39
       Unarmed           ||     7
       Tailslap          ||     3
 Cast: Magic Dart        ||    28
  Use: Scroll            ||     3
       Potion            ||     1
Armor: Skin              ||    30
Dodge: Dodged            ||    62
